 Dungeon Crawl Stone Soup version 0.29.1-12-g30fa7ad0bf (webtiles) character file.

Game seed: 18399137990380667212

63361 ReploidZero the Spry (level 15, -3/127 HPs)
             Began as a Merfolk Gladiator on Jan 9, 2023.
             Was an Elder of Wu Jian.
             Slain by an orc high priest
             ... wielding a +0 glaive
              (13 damage)
             ... on level 2 of the Orcish Mines on Jan 10, 2023.
             The game lasted 01:03:34 (28301 turns).

ReploidZero the Spry (Merfolk Gladiator)           Turns: 28301, Time: 01:03:35

Health: -3/127     AC: 15    Str: 19    XL:     15   Next: 9%
Magic:  15/15      EV: 31    Int:  8    God:    Wu Jian [****..]
Gold:   2106       SH:  5    Dex: 22    Spells: 14/14 levels left

rFire   . . .      SeeInvis +   a - +8 rapier "Peumm" {spect, rElec rN+ SInv}
rCold   + . .      Faith    .   (no shield)
rNeg    + + .      Spirit   .   A - +0 steam dragon scales
rPois   .          Reflect  +   c - +1 helmet
rElec   +          Harm     .   (no cloak)
rCorr   +          Rampage  .   d - +0 pair of gloves
Will    +....                   n - +2 pair of boots
Stlth   +.........              h - amulet of reflection
HPRegen 0.31/turn               r - +4 ring of protection
MPRegen 0.14/turn               I - ring "Xuobb" {rC+ rN+ rCorr Str+4}

@: in a heavenly storm, glowing
A: (nimble swimmer 2), mertail
a: Renounce Religion, Wall Jump, Serpent's Lash


You were on level 2 of the Orcish Mines.
You worshipped Wu Jian.
Wu Jian was greatly pleased with you.
You visited 4 branches of the dungeon, and saw 19 of its levels.

You collected 2106 gold pieces.

Inventory:

Hand Weapons
 a - the +8 rapier "Peumm" (weapon) {spect, rElec rN+ SInv}
   (You found it on level 8 of the Dungeon)

   When its wielder attacks, the weapon's spirit leaps out and strikes again.
   The spirit shares a part of any damage it takes with its wielder.
   rElec:     It insulates you from electricity.
   rN:        It protects you from negative energy.
   SInv:      It lets you see invisible.
 b - the +6 long sword "Kusumum" {vorpal, rElec rN+ Int+2}
   (You found it on level 11 of the Dungeon)

   It inflicts extra damage upon your enemies.
   Int:       It affects your intelligence (+2).
   rElec:     It insulates you from electricity.
   rN:        It protects you from negative energy.
Missiles
 e - 7 javelins (quivered)
 t - 5 datura-tipped darts
 u - 39 poisoned darts
Armour
 c - a +1 helmet (worn)
 d - a +0 pair of gloves (worn)
 f - a +0 troll leather armour
 n - a +2 pair of boots (worn)
 A - +0 steam dragon scales (worn)
Jewellery
 h - an amulet of reflection (around neck)
 r - a +4 ring of protection (left hand)
 I - the ring "Xuobb" (right hand) {rC+ rN+ rCorr Str+4}
   (You found it on level 8 of the Dungeon)

   [ring of resist corrosion]

   Str:       It affects your strength (+4).
   rC:        It protects you from cold.
   rN:        It protects you from negative energy.
   rCorr:     It protects you from acid and corrosion.
Wands
 l - a wand of charming (15)
 v - a wand of polymorph (5)
 w - a wand of digging (12)
 B - a wand of iceblast (18)
Scrolls
 g - 4 scrolls of vulnerability
 j - 2 scrolls of enchant armour
 m - 3 scrolls of teleportation
 y - 2 scrolls of magic mapping
 C - a scroll of enchant weapon
 D - a scroll of amnesia
 E - 2 scrolls of identify
 F - a scroll of fear
Potions
 i - 7 potions of curing
 k - 2 potions of brilliance
 o - 9 potions of lignification
 p - 5 potions of attraction
 q - 5 potions of flight
 z - 4 potions of cancellation
 G - a potion of might
 H - a potion of magic
 J - a potion of ambrosia
Miscellaneous
 K - a phantom mirror


   Skills:
 + Level 14.4 Fighting
 - Level 9.8(13.0) Short Blades
 - Level 13.5(14.7) Long Blades
 + Level 13.3 Throwing
 + Level 1.1 Armour
 + Level 17.1 Dodging


You had 14 spell levels left.
You didn't know any spells.
Your spell library contained the following spells:

 Spells                   Type           Power      Damage    Failure   Level
 Apportation              Tloc           0%         N/A       41%         1
 Necrotise                Necr           0%         1d4       41%         1
 Sting                    Tmut/Pois      0%         1d3       41%         1
 Summon Small Mammal      Summ           0%         N/A       41%         1
 Ensorcelled Hibernation  Hex/Ice        0%         N/A       54%         2
 Passwall                 Tmut/Erth      0%         N/A       54%         2
 Poisonous Vapours        Pois/Air       0%         N/A       54%         2
 Scorch                   Fire           0%         2d5       54%         2
 Gell's Gravitas          Tloc           0%         N/A       78%         3
 Mephitic Cloud           Conj/Pois/Air  0%         N/A       78%         3
 Swiftness                Air            0%         N/A       78%         3
 Teleport Other           Tloc           0%         N/A       78%         3
 Tukima's Dance           Hex            0%         N/A       78%         3
 Airstrike                Air            0%         2d(0-16)  99%         4
 Cause Fear               Hex            0%         N/A       99%         4
 Corpse Rot               Necr/Pois/Air  0%         N/A       99%         4
 Dispel Undead            Necr           0%         3d6       99%         4
 Flame Wave               Conj/Fire      0%         2d4       99%         4
 Olgreb's Toxic Radiance  Pois           0%         N/A       99%         4
 Passage of Golubria      Tloc           0%         N/A       99%         4
 Summon Lightning Spire   Summ/Air       0%         N/A       99%         4
 Lightning Bolt           Conj/Air       0%         1d11      100%        5
 Yara's Violent Unravell  Hex/Tmut       0%         3d3       100%        5
 Death Channel            Necr           0%         N/A       100%        6
 Dispersal                Tloc           0%         N/A       100%        6
 Summon Cactus Giant      Summ           0%         N/A       100%        6
 Dragon Form              Tmut           0%         N/A       100%        7
 Dragon's Call            Summ           0%         N/A       100%        9


Dungeon Overview and Level Annotations

Branches:
Dungeon (11/15)            Temple (1/1) D:6            Lair (5/5) D:11
  Swamp (0/4) Lair:2       Spider (0/4) Lair:2        Slime (0/5) Lair:4
    Orc (2/2) D:9             Elf (0/3) Orc:2

Altars:
Ashenzari
Cheibriados
Dithmenos
Elyvilon
Fedhas
Gozag
Hepliaklqana
Kikubaaqudgha
Makhleb
Nemelex Xobeh
Okawaru
Qazlal
Ru
Sif Muna
Trog
Uskayaw
Vehumet
Wu Jian
Xom
Yredelemnul
Zin
The Shining One


Innate Abilities, Weirdness & Mutations

((You are very nimble when in or above water. (Stealth+, EV+, Speed+++)))
Your lower body shifts to a powerful aquatic tail in water.


Message History

You block the orc knight's attack.
The orc knight hits your +8 rapier "Peumm" {spect, rElec rN+ SInv} with a +0 war axe!!
Your spectral weapon shares its damage with you!
Your +8 rapier "Peumm" {spect, rElec rN+ SInv} fades away.
* * * LOW HITPOINT WARNING * * *
The orange demon stings you from afar.
* * * LOW HITPOINT WARNING * * *
You block the orc knight's attack.
Unknown command.
Okay, then.
You spin and attack the ynoxinul repeatedly.
You puncture the ynoxinul!
The ynoxinul is moderately wounded.
You barely miss the ynoxinul.
The ynoxinul is moderately wounded.
Your +8 rapier "Peumm" {spect, rElec rN+ SInv} hits the ynoxinul but does no damage.
The orc high priest no longer looks unusually strong.
The ynoxinul hits you but does no damage.
The orc knight roars a battlecry!
The orc high priest goes into a battle-frenzy!
The orc high priest hits your +8 rapier "Peumm" {spect, rElec rN+ SInv} with a +0 war axe!
Your spectral weapon shares its damage with you!
The orc high priest completely misses you.
* * * LOW HITPOINT WARNING * * *
You block the orc high priest's attack.
Unknown command.
Unknown command.
Okay, then.
Unknown command.
You puncture the orc high priest!
The orc high priest is severely wounded.
Your +8 rapier "Peumm" {spect, rElec rN+ SInv} hits the orc high priest!
The ynoxinul completely misses you. You block the orange demon's attack.
Unknown command.
You puncture the orc high priest!
You kill the orc high priest!
The Council accepts your kill.
The orange demon disappears in a puff of smoke!
The orc high priest hits you from afar with a +0 glaive!
You die...

...#..## #................
.......# ##....##.#.....).
......## #....#>..........
####### #################
####### ###### ##.....###
###.....# .........###
###§4☼..... ...........##
##§§o☼☼.....
............###§@3oo4o....
#.#.#.#.#.#.#.#§#§#o#.#.#.
.)............☼☼☼§☼☼☼....
)...........#.#§☼§☼○.....
)....)...)................
#.#.#.#.#.#.#.#.#.#.#.#.#.
..........).###...........
...........## ##..........
.........### ##.......


You could see an orc knight (strong), an orc high priest (strong) and a ynoxinul
(summoned).

Vanquished Creatures
  Josephine (Orc:1)
  Harold (D:9)
  4 hydras
  A centaur warrior (D:8)
  2 boulder beetles
  3 catoblepae (Lair:5)
  12 death yaks
  4 two-headed ogres
  A tengu warrior (D:8)
  5 orc high priests (Orc:2)
  A fire crab (Lair:5)
  7 orc knights
  4 cyclopes
  2 orc sorcerers
  An ugly thing (D:8)
  2 manticores (Lair:5)
  13 elephants
  2 black mambas
  4 torpor snails (Lair:1)
  Maggie (D:9)
  15 cane toads
  3 rime drakes
  Psyche (D:8)
  An unseen horror (D:11)
  A gargoyle (D:11)
  6 komodo dragons
  6 trolls
  5 blink frogs (Lair:3)
  A slime creature (D:8)
  6 dream sheep (Lair:5)
  3 shadows
  A vampire (D:9)
  4 wraiths (Orc:1)
  36 yaks
  A wyvern (Lair:2)
  3 steam dragons
  A basilisk (Lair:5)
  A warg (Orc:1)
  An acid dragon (D:11)
  Duvessa (D:6)
  A swamp drake (Lair:2)
  11 water moccasins
  An ice beast (D:7)
  2 black bears
  35 orc warriors
  18 wolves
  8 ogres
  5 centaurs
  2 phantoms
  2 kobold brigands
  A gnoll sergeant (D:10)
  11 bullfrogs
  4 necrophages
  3 scorpions
  14 wights
  Dowan (D:6)
  10 killer bees
  2 electric eels (Lair:3)
  3 howler monkeys
  3 hounds
  30 orc priests
  6 jellies
  A gnoll bouda (D:8)
  2 hell rats (Lair:2)
  10 iguanas
  22 orc wizards
  4 adders
  9 gnolls
  6 river rats (Lair:2)
  An ufetubus (D:4)
  3 dart slugs
  100 orcs
  4 ball pythons
  6 endoplasms
  A giant cockroach (D:3)
  9 hobgoblins
  13 jackals
  3 quokkas
  7 bats
  5 frilled lizards
  4 goblins
  19 kobolds
  5 rats
575 creatures vanquished.

Vanquished Creatures (others)
  19 fungi
  29 plants
48 creatures vanquished.

Grand Total: 623 creatures vanquished

Notes
Turn   | Place    | Note
-------+----------+-------------------------------------------
     0 | D:1      | ReploidZero the Merfolk Gladiator began the quest for the
                  | Orb.
     0 | D:1      | Reached XP level 1. HP: 16/16 MP: 1/1
    78 | D:1      | Reached XP level 2. HP: 7/23 MP: 2/2
   322 | D:1      | Found a faded altar of an unknown god.
   911 | D:2      | Reached XP level 3. HP: 24/28 MP: 3/3
  1971 | D:3      | Reached XP level 4. HP: 17/34 MP: 4/4
  2399 | D:3      | Found a glowing silver altar of Zin.
  2483 | D:3      | Identified the +1 spear of the Red God {vamp, rElec Str-2
                  | Int+10 Dex+2}
  2747 | D:3      | Found a blossoming altar of Fedhas.
  3339 | D:4      | Noticed a phantom
  3356 | D:4      | Killed a phantom
  3357 | D:4      | Reached skill level 5 in Dodging
  3357 | D:4      | Reached XP level 5. HP: 20/41 MP: 5/5
  3723 | D:4      | Noticed a black bear
  3732 | D:4      | Killed a black bear
  3733 | D:4      | Reached skill level 5 in Long Blades
  3733 | D:4      | Reached XP level 6. HP: 48/48 MP: 6/6
  4037 | D:4      | Reached skill level 6 in Dodging
  4321 | D:5      | Entered Level 5 of the Dungeon
  4340 | D:5      | Reached XP level 7. HP: 55/55 MP: 7/7
  5073 | D:5      | Reached skill level 5 in Fighting
  5195 | D:5      | Reached skill level 7 in Dodging
  5195 | D:5      | Reached XP level 8. HP: 59/62 MP: 8/8
  5463 | D:6      | Reached skill level 5 in Throwing
  5637 | D:6      | Found a staircase to the Ecumenical Temple.
  5670 | D:6      | Noticed Duvessa
  5671 | D:6      | Noticed Dowan
  5694 | D:6      | Killed Duvessa
  5719 | D:6      | HP: 2/64 [Dowan/stone arrow (14)]
  6306 | D:6      | Found a bloodstained altar of Trog.
  6387 | Temple   | Entered the Ecumenical Temple
  6548 | Temple   | Became a worshipper of the Wu Jian Council
  6578 | D:6      | Reached skill level 8 in Dodging
  7132 | D:6      | Reached XP level 9. HP: 66/70 MP: 9/9
  7585 | D:6      | Killed Dowan
  7902 | D:7      | You fall into a shaft and drop 1 floor!
  8631 | D:7      | Reached skill level 9 in Dodging
  9335 | D:7      | Reached * piety under Wu Jian
 10493 | D:8      | Noticed Psyche
 10504 | D:8      | Killed Psyche
 10505 | D:8      | Reached skill level 10 in Dodging
 10505 | D:8      | Reached XP level 10. HP: 80/80 MP: 10/10
 10930 | D:8      | Noticed a boulder beetle
 10930 | D:8      | Noticed a cyclops
 10930 | D:8      | Noticed a purple ugly thing
 10931 | D:8      | Found a runed translucent door.
 10933 | D:8      | Noticed a cyclops
 10933 | D:8      | Noticed a tengu warrior
 10933 | D:8      | Noticed a centaur warrior
 10933 | D:8      | Noticed a cyclops
 11392 | D:9      | Noticed Maggie
 11406 | D:9      | Killed Maggie
 11542 | D:9      | Reached ** piety under Wu Jian
 12117 | D:9      | Found a staircase to the Orcish Mines.
 12326 | D:9      | Noticed Harold
 12359 | D:9      | Killed Harold
 12360 | D:9      | Reached skill level 10 in Long Blades
 12379 | D:9      | Noticed a two-headed ogre
 12380 | D:9      | Reached skill level 11 in Dodging
 12467 | D:9      | Killed a two-headed ogre
 12902 | D:9      | Reached XP level 11. HP: 78/89 MP: 11/11
 13540 | D:10     | Entered Level 10 of the Dungeon
 14510 | D:10     | Found a shimmering blue altar of Sif Muna.
 14886 | D:11     | Noticed a two-headed ogre
 14919 | D:11     | Reached skill level 12 in Dodging
 15064 | D:11     | Killed a two-headed ogre
 15145 | D:11     | Noticed a two-headed ogre
 15158 | D:11     | Killed a two-headed ogre
 15158 | D:11     | Reached *** piety under Wu Jian
 15159 | D:11     | Reached skill level 10 in Fighting
 15195 | D:11     | Noticed a two-headed ogre
 15276 | D:11     | Killed a two-headed ogre
 15419 | D:11     | Identified the +6 long sword "Kusumum" {vorpal, rElec rN+
                  | Int+2}
 15474 | D:11     | Found a staircase to the Lair.
 16407 | Lair:1   | Entered Level 1 of the Lair of Beasts
 16582 | Lair:1   | Reached skill level 13 in Dodging
 16582 | Lair:1   | Reached XP level 12. HP: 99/99 MP: 12/12
 16583 | Lair:1   | Found a snail-covered altar of Cheibriados.
 16889 | D:8      | Reached skill level 10 in Throwing
 16893 | D:8      | Killed a centaur warrior
 17292 | D:8      | Killed a boulder beetle
 17448 | D:8      | Killed a tengu warrior
 17746 | D:8      | Identified the +8 rapier "Peumm" {spect, rElec rN+ SInv}
 17755 | D:8      | Got the Catalogue of Filthy Moulding
 17760 | D:8      | Identified the ring "Xuobb" {rC+ rN+ rCorr Str+4}
 17773 | D:8      | Identified the +11 whip "Ackuxasio" {drain, rF++ rC- MP+9
                  | Stlth+}
 17972 | Lair:1   | Reached skill level 1 in Short Blades
 18229 | Lair:1   | Noticed an eight-headed hydra
 18237 | Lair:1   | Killed an eight-headed hydra
 18467 | Lair:1   | Reached skill level 14 in Dodging
 18675 | Lair:2   | Noticed a death yak
 18678 | Lair:2   | Noticed a death yak
 18680 | Lair:2   | Noticed a death yak
 18691 | Lair:2   | Noticed a death yak
 18692 | Lair:2   | Noticed a death yak
 18715 | Lair:1   | Killed a death yak
 18715 | Lair:1   | Reached **** piety under Wu Jian
 18723 | Lair:1   | Killed a death yak
 18726 | Lair:1   | Killed a death yak
 18741 | Lair:1   | Reached XP level 13. HP: 18/107 MP: 13/13
 19580 | Lair:2   | Found a hole to the Spider Nest.
 19605 | Lair:2   | Reached skill level 5 in Short Blades
 19961 | Lair:2   | Found a staircase to the Swamp.
 20590 | Lair:3   | You fall into a shaft and drop 2 floors!
 20590 | Lair:5   | Entered Level 5 of the Lair of Beasts
 20649 | Lair:5   | Reached skill level 15 in Dodging
 20827 | Lair:5   | Reached ***** piety under Wu Jian
 21655 | Lair:4   | Found a staircase to the Slime Pits.
 22668 | Lair:3   | Reached XP level 14. HP: 109/118 MP: 14/14
 23892 | Lair:5   | Reached skill level 16 in Dodging
 25545 | Orc:1    | Entered Level 1 of the Orcish Mines
 25741 | Orc:1    | Noticed Josephine
 25752 | Orc:1    | Killed Josephine
 26115 | Orc:1    | Found a dark tunnel.
 26368 | Orc:2    | Entered Level 2 of the Orcish Mines
 27029 | Orc:2    | Found a staircase to the Elven Halls.
 27726 | Orc:2    | Reached skill level 17 in Dodging
 27884 | Orc:2    | Reached XP level 15. HP: 96/126 MP: 15/15
 28280 | Orc:2    | Reached skill level 1 in Armour
 28301 | Orc:2    | Slain by an orc high priest

Illustrated notes

Levels and vault maps discovered:
D:1:      matt_arrival_los_fun, layout_rooms,
          hellmonk_ecumenical_altar_leap_of_faith
D:2:      layout_loops_corners, chequers_serial_rivers_micro_e
D:3:      layout_loops_ring, mainiacjoe_overflow_paths,
          mainiacjoe_overflow_alcove_4
D:4:      layout_basic, amethyst_killhole, minmay_ruptured
D:5:      layout_loops_cross, serial_park_tiny_pond
D:6:      layout_basic, trog_book, minmay_temple_entry_ruins,
          minmay_unpleasant_kobolds, uniq_duvessa
D:7:      layout_layer_cave
D:8:      minmay_gate_of_8, layout_loops_ring, uniq_psyche
D:9:      layout_irregular_city, orc_0_dummy, uniq_maggie, uniq_harold
D:10:     layout_stronghold, amcnicky_altar_gilded
D:11:     layout_roguey, david_lair_shrubbed, nrook_loot_triangle
Temple:   regret_index_temple_chain_breaker
Lair:1:   layout_roguey, kennysheep_snail_temple
Lair:2:   layout_chaotic_city, minmay_swamp_entry_reptiles, dummy_spider_entry,
          hangedman_lair_unloving_vines, kennysheep_rathole
Lair:3:   layout_regular_city, serial_bayou_shore_a
Lair:4:   layout_roguey, nicolae_slime_entry_slimehenge, beast_lair_carwin_7,
          grunt_megastairs_4
Lair:5:   evilmike_catoblepas_cave, layout_cave_pods
Orc:1:    layout_caves, lightli_volcano_entry_magma_tube, abandoned_shop,
          nicolae_orc_lava_room, uniq_josephine
Orc:2:    st_orc_pillars, layout_caves

Skill      XL: |  1  2  3  4  5  6  7  8  9 10 11 12 13 14 15 |
---------------+----------------------------------------------+-----
Long Blades    | 4 5 6 7 9 10 11 12 13 | 13.5
Fighting       | 3 4 5 6 8 9 10 11 13 14 | 14.4
Throwing       | 3 4 5 7 8 9 11 12 13 | 13.3
Dodging        | 5 6 7 8 10 11 13 14 15 17 | 17.1
Short Blades   | 4 7 9 |  9.8
Armour         | 1 |  1.1

Action                   |  1- 3 |  4- 6 |  7- 9 | 10-12 | 13-15 || total
-------------------------+-------+-------+-------+-------+-------++-------
Melee: Long sword        |   118 |   118 |   231 |   192 |       ||   659
       Punch             |       |     2 |    11 |    16 |    22 ||    51
       Falchion          |       |       |   269 |   458 |       ||   727
       Rapier            |       |       |       |    98 |   956 ||  1054
       Tailslap          |       |       |       |       |     1 ||     1
Throw: Throwing net      |       |       |     3 |     4 |       ||     7
       Boomerang         |       |       |    14 |       |       ||    14
       Javelin           |       |       |     8 |       |       ||     8
       Dart              |       |       |     3 |     1 |       ||     4
Invok: Lunge             |       |       |    13 |    37 |    61 ||   111
       Whirlwind         |       |       |     3 |    65 |    65 ||   133
       Serpent's Lash    |       |       |       |       |     2 ||     2
       Heavenly Storm    |       |       |       |       |     3 ||     3
 Abil: Wall Jump         |       |       |       |    25 |     8 ||    33
Evoke: Wand              |       |       |       |     1 |       ||     1
  Use: Potion            |       |     1 |     3 |     6 |     5 ||    15
       Scroll            |       |    11 |     7 |     9 |     7 ||    34
 Stab: Sleeping          |     1 |     3 |     1 |     3 |       ||     8
       Held in net/web   |       |       |     2 |     4 |       ||     6
       Distracted        |       |       |     1 |     3 |    26 ||    30
Armor: Leather armour    |    25 |    27 |   117 |     2 |       ||   171
       Skin              |       |    19 |       |       |       ||    19
       Steam dragon scal |       |       |       |   155 |   127 ||   282
Dodge: Dodged            |    86 |    88 |   392 |   671 |   615 ||  1852
Block: Other             |       |       |       |    22 |   119 ||   141
       Reflection        |       |       |       |       |     4 ||     4
